 Dungeon Crawl Stone Soup version 0.29.1-1-gd02db6906a (webtiles) character file.

Game seed: 1983619432896644950

13293 styxcanada the Covert (level 11, -4/54 HPs)
             Began as a Spriggan Brigand on Oct 1, 2022.
             Was an Initiate of Gozag.
             Slain by a blink frog (14 damage)
             ... on level 1 of the Lair of Beasts on Oct 2, 2022.
             The game lasted 01:07:23 (13556 turns).

styxcanada the Covert (Spriggan Brigand)           Turns: 13556, Time: 01:07:24

Health: -4/54      AC:  9    Str:  7    XL:     11   Next: 73%
Magic:  22/22      EV: 33    Int: 12    God:    Gozag
Gold:   530        SH:  0    Dex: 28    Spells: 19/24 levels left

rFire   . . .      SeeInvis +   O - +2 falchion of the Wasteland {venom, rC+ rN+}
rCold   + . .      Faith    .   (no shield)
rNeg    + . .      Spirit   .   d - +2 robe {Will+}
rPois   .          Reflect  .   w - +2 hat
rElec   .          Harm     .   y - +2 cloak
rCorr   .          Rampage  .   (gloves unavailable)
Will    ++...                   (boots unavailable)
Stlth   ++++++....              K - amulet of regeneration
HPRegen 0.98/turn               M - +6 ring of dexterity
MPRegen 0.18/turn               A - +4 ring of evasion

@: very quick
A: very small, no large weapons, unfitting armour, see invisible, speed 3
a: Renounce Religion, Potion Petition, Call Merchant, Bribe Branch


You were on level 1 of the Lair of Beasts.
You worshipped Gozag.
Gozag was pleased with you.
You visited 3 branches of the dungeon, and saw 12 of its levels.

You collected 2263 gold pieces.
You spent 168 gold pieces at shops.
You paid 1565 gold pieces to Gozag.

Inventory:

Hand Weapons
 e - a +0 short sword of flaming
 g - a +4 dagger of protection
 t - a +1 sling of freezing
 O - the +2 falchion of the Wasteland (weapon) {venom, rC+ rN+}
   (You bought it in a shop on level 10 of the Dungeon)

   It poisons the flesh of those it strikes.
   rC:        It protects you from cold.
   rN:        It protects you from negative energy.
Missiles
 i - 112 stones
 o - 15 poisoned darts (quivered)
 p - 3 curare-tipped darts
 B - 5 datura-tipped darts
Armour
 d - a +2 robe of willpower (worn)
 w - a +2 hat (worn)
 y - a +2 cloak (worn)
Jewellery
 A - a +4 ring of evasion (right hand)
 K - an amulet of regeneration (around neck)
 M - a +6 ring of dexterity (left hand)
Wands
 l - a wand of mindburst (1)
 m - a wand of charming (14)
 H - a wand of flame (19)
 J - a wand of light (1)
Scrolls
 q - 4 scrolls of teleportation
 E - a scroll of blinking
 F - a scroll of summoning
 L - a scroll of immolation
 N - a scroll of identify
Potions
 a - a potion of mutation {unknown}
 c - a potion of magic
 f - 3 potions of might
 h - 3 potions of curing
 k - 3 potions of haste
 n - 4 potions of heal wounds
 s - a potion of brilliance {unknown}
 x - 3 potions of flight
 z - 2 potions of ambrosia {unknown}
 C - a potion of cancellation {unknown}
 D - a potion of lignification {unknown}


   Skills:
 + Level 4.5 Fighting
 + Level 7.4(7.8) Short Blades
 + Level 2.4(4.3) Long Blades
 + Level 0.4 Maces & Flails
 + Level 2.3 Ranged Weapons
 + Level 3.8 Throwing
 * Level 10.1 Dodging
 * Level 14.3 Stealth
 * Level 7.2 Spellcasting
 * Level 3.9 Conjurations
 * Level 6.9 Hexes
 + Level 5.4 Translocations
 + Level 5.0 Evocations


You had 19 spell levels left.
You knew the following spells:

 Your Spells              Type           Power      Damage    Failure   Level
a - Dazzling Flash        Conj/Hex       34%        N/A       4%          3
b - Blink                 Tloc           34%        N/A       2%          2

Your spell library contained the following spells:

 Spells                   Type           Power      Damage    Failure   Level
 Beastly Appendage        Tmut           8%         N/A       16%         1
 Iskenderun's Mystic Bla  Conj/Tloc      15%        2d5       22%         4
 Wereblood                Tmut           4%         N/A       24%         2
 Spider Form              Tmut/Pois      4%         N/A       43%         3
 Manifold Assault         Tloc           17%        N/A       43%         5
 Freezing Cloud           Conj/Ice/Air   3%         6-21      95%         5
 Starburst                Conj/Fire      4%         6d4       100%        6
 Storm Form               Tmut/Air       2%         N/A       100%        7
 Polar Vortex             Ice            2%         N/A       100%        9
 Simulacrum               Ice/Necr       Unusable   N/A       N/A         6

Dungeon Overview and Level Annotations

Branches:
Dungeon (10/15)            Temple (1/1) D:5            Lair (1/5) D:10
    Orc: D:9-12

Altars:
Cheibriados
Elyvilon
Fedhas
Gozag
Hepliaklqana
Kikubaaqudgha
Makhleb
Nemelex Xobeh
Qazlal
Ru
Sif Muna
Uskayaw
Vehumet
Wu Jian
Xom
Yredelemnul
The Shining One

Shops:
D:4 *   D:10 (=:

Annotations:
D:7 3 runed translucent doors, CertainDeath's ghost, novice MfGl


Innate Abilities, Weirdness & Mutations

You are very small and have problems with some larger weapons.
You are too small for most types of armour.
You have supernaturally acute eyesight. (SInv)
You cover ground extremely quickly. (Speed+++)


Message History

The blink frog hits you!
The blink frog blinks!
The blink frog barely misses you.
You slash the blink frog!
The blink frog is poisoned.
The blink frog is moderately wounded.
The blink frog completely misses you. x2; The blink frog blinks!
The blink frog completely misses you.
The blink frog blinks!
The blink frog completely misses you.
Unknown command.
You hit the blink frog.
The blink frog is poisoned.
The blink frog is lightly wounded.
The blink frog completely misses you. x3; The blink frog closely misses you.
The blink frog hits you.
You slash the blink frog!
The blink frog looks as sick as possible!
The blink frog is moderately wounded.
The blink frog misses you. The blink frog completely misses you.
The blink frog hits you but does no damage.
The blink frog blinks!
You slash the blink frog!
The blink frog looks as sick as possible!
The blink frog is severely wounded.
The blink frog blinks!
The blink frog hits you!
* * * LOW HITPOINT WARNING * * *
The blink frog blinks!
The blink frog misses you.
You hit the blink frog.
The blink frog is poisoned.
The blink frog is lightly wounded.
The blink frog hits you.
* * * LOW HITPOINT WARNING * * *
The blink frog blinks!
The blink frog completely misses you.
The blink frog barely misses you. x2; The blink frog blinks!
The blink frog closely misses you. The blink frog completely misses you.
The blink frog completely misses you.
The blink frog blinks! x2
The blink frog completely misses you.
The blink frog blinks!
The blink frog misses you.
The blink frog blinks!
The blink frog hits you!
You die...
Your body crumbles into a pile of gold.

...###### ..## #.####
###.. ..# ##..).#
##...#
####.##.F..###.#...##
....F...............
######.##..§.#.....
#.#######.F.§###.#
..........F...#.F#
##P###...###...#@##
#### #...# ##..F..# #
##### ####### # #


You could see 2 blink frogs.

Vanquished Creatures
  A hydra (Lair:1)
  2 two-headed ogres
  3 death yaks (D:10)
  A cane toad (Lair:1)
  2 rime drakes (Lair:1)
  5 komodo dragons
  2 trolls
  A blink frog (Lair:1)
  Grinder (D:5)
  Sigmund (D:2)
  3 yaks (D:9)
  2 vampires
  2 steam dragons
  An acid dragon (D:10)
  6 water moccasins
  3 orc warriors
  An ogre (D:5)
  6 centaurs
  A phantom (D:4)
  2 kobold brigands (D:8)
  5 scorpions
  10 bullfrogs
  A gnoll sergeant (D:10)
  3 wights (D:10)
  17 killer bees
  3 howler monkeys
  3 electric eels (D:10)
  A centaur zombie (D:7)
  A gnoll bouda (D:10)
  4 hounds
  2 orc priests
  3 jellies
  Ijyb (D:5)
  An iguana (D:2)
  10 orc wizards
  3 hell rats (D:10)
  A killer bee zombie (D:7)
  11 gnolls
  9 adders
  A river rat (D:10)
  A shadow imp (D:5)
  2 ufetubi
  5 dart slugs
  36 orcs
  9 bats
  9 endoplasms
  3 giant cockroaches
  12 hobgoblins
  3 jackals (D:2)
  5 quokkas
  3 ball pythons
  5 frilled lizards
  6 goblins
  17 kobolds
  7 rats
259 creatures vanquished.

Vanquished Creatures (collateral kills)
  6 yaks (D:9)
  An adder (D:6)
  4 bats
11 creatures vanquished.

Vanquished Creatures (others)
  2 yaks (D:9)
  A scorpion (D:6)
  A killer bee (D:9)
  An orc (D:6)
  A giant cockroach (D:3)
  A goblin (D:3)
  3 kobolds (D:3)
  18 fungi (D:6)
28 creatures vanquished.

Grand Total: 298 creatures vanquished

Notes
Turn   | Place    | Note
-------+----------+-------------------------------------------
     0 | D:1      | styxcanada the Spriggan Brigand began the quest for the
                  | Orb.
     0 | D:1      | Reached XP level 1. HP: 10/10 MP: 2/2
   111 | D:1      | Reached skill level 6 in Stealth
   177 | D:1      | Reached XP level 2. HP: 14/14 MP: 3/3
   702 | D:1      | Reached skill level 7 in Stealth
   836 | D:2      | Reached XP level 3. HP: 13/18 MP: 4/4
  1178 | D:2      | Noticed Sigmund
  1241 | D:2      | Killed Sigmund
  1242 | D:2      | Reached skill level 8 in Stealth
  1242 | D:2      | Reached XP level 4. HP: 4/23 MP: 5/5
  1242 | D:2      | Reached XP level 5. HP: 4/27 MP: 6/6
  1912 | D:2      | Found a glowing golden altar of the Shining One.
  2450 | D:3      | Reached skill level 9 in Stealth
  2621 | D:3      | Learned a level 3 spell: Dazzling Flash
  2676 | D:3      | Reached XP level 6. HP: 28/32 MP: 7/7
  2875 | D:3      | Identified the +3 plate armour "Cogevom" {Harm rCorr Int-4
                  | SInv}
  3210 | D:3      | Found a shimmering altar of Xom.
  3551 | D:3      | Found a faded altar of an unknown god.
  3768 | D:4      | Found a stormy altar of Qazlal.
  3850 | D:4      | Reached skill level 1 in Spellcasting
  3850 | D:4      | Reached skill level 1 in Hexes
  3850 | D:4      | Reached skill level 1 in Evocations
  4321 | D:4      | Found Piropn's Serpentskin Sales.
  4321 | D:4      | Noticed a water moccasin
  4325 | D:4      | Killed a water moccasin
  4326 | D:4      | Reached XP level 7. HP: 35/35 MP: 8/10
  4602 | D:5      | Entered Level 5 of the Dungeon
  4605 | D:5      | Noticed Grinder
  4609 | D:5      | Reached skill level 1 in Ranged Weapons
  4651 | D:5      | Killed Grinder
  4652 | D:5      | Reached skill level 10 in Stealth
  4652 | D:5      | Reached skill level 1 in Conjurations
  4974 | D:5      | Noticed Ijyb
  5010 | D:5      | Killed Ijyb
  5011 | D:5      | Reached XP level 8. HP: 40/40 MP: 12/12
  5054 | D:5      | Found a staircase to the Ecumenical Temple.
  5060 | Temple   | Entered the Ecumenical Temple
  5094 | Temple   | Became a worshipper of Gozag Ym Sagoz the Greedy
  5444 | D:6      | Noticed a komodo dragon
  5451 | D:6      | Killed a komodo dragon
  5520 | D:6      | Reached skill level 5 in Dodging
  6353 | D:6      | Found a hazy altar of Hepliaklqana.
  6963 | D:6      | Reached XP level 9. HP: 17/44 MP: 9/15
  7419 | D:7      | Reached skill level 5 in Short Blades
  7419 | D:7      | Reached skill level 11 in Stealth
  7452 | D:7      | Found a runed translucent gate.
  7452 | D:7      | Found a runed translucent gate.
  7452 | D:7      | Found a runed translucent gate.
  7452 | D:7      | Noticed CertainDeath's ghost (novice MfGl)
  7453 | D:7      | Found a basalt altar of Yredelemnul.
  7807 | D:7      | Found a shimmering blue altar of Sif Muna.
  7918 | D:7      | Found a radiant altar of Vehumet.
  7919 | D:7      | Found a hide-covered altar of Uskayaw.
  8723 | D:8      | Noticed a two-headed ogre
  8730 | D:8      | Killed a two-headed ogre
  8731 | D:8      | Reached skill level 12 in Stealth
  8731 | D:8      | Reached skill level 5 in Spellcasting
  8806 | D:8      | Learned a level 2 spell: Blink
  9475 | D:8      | Reached XP level 10. HP: 49/49 MP: 18/18
  9723 | D:9      | Noticed a two-headed ogre
  9730 | D:9      | Killed a two-headed ogre
  9731 | D:9      | Reached skill level 5 in Hexes
  9731 | D:9      | Reached skill level 1 in Translocations
  9784 | D:9      | Reached skill level 13 in Stealth
 10276 | D:9      | Reached skill level 5 in Evocations
 10710 | D:10     | Entered Level 10 of the Dungeon
 10994 | D:10     | Noticed a death yak
 10994 | D:10     | Noticed a death yak
 10996 | D:10     | Found a staircase to the Lair.
 11311 | D:10     | Reached XP level 11. HP: 40/53 MP: 14/21
 11791 | D:10     | Found Usyrunea's Vocational Training.
 11965 | D:10     | Noticed a death yak
 12022 | D:10     | Killed a death yak
 12115 | D:10     | Killed a death yak
 12116 | D:10     | Reached skill level 14 in Stealth
 12277 | D:10     | Bought a slimy falchion for 168 gold pieces
 12277 | D:10     | Identified the +2 falchion of the Wasteland {venom, rC+
                  | rN+} (You bought it in a shop on level 10 of the Dungeon)
 12712 | D:9      | Found a glowing golden altar of the Shining One.
 12799 | D:10     | Killed a death yak
 12905 | Lair:1   | Entered Level 1 of the Lair of Beasts
 12923 | Lair:1   | Reached skill level 1 in Long Blades
 13196 | Lair:1   | Reached skill level 5 in Translocations
 13207 | Lair:1   | Reached skill level 10 in Dodging
 13347 | Lair:1   | Noticed a five-headed hydra
 13431 | Lair:1   | Killed a five-headed hydra
 13556 | Lair:1   | Slain by a blink frog

Illustrated notes

Levels and vault maps discovered:
D:1:      minmay_arrival_four_circles, layout_basic
D:2:      layout_loops_ring, basic_altar, minmay_split_cup_large, uniq_sigmund
D:3:      layout_loops_corners, xom_confusion_cloud,
          hellmonk_ecumenical_altar_heavens_door
D:4:      layout_rooms, amcnicky_altar_gilded, glass_columns_c,
          guppyfry_shop_venom
D:5:      minmay_evil_eye, layout_rooms, minmay_temple_entry_nine_rooms,
          uniq_grinder, uniq_ijyb
D:6:      old_forge, layout_basic, overflow_temple_1_default, minmay_hedge_maze,
          nrook_mini_backslash, minmay_misc_feat_doors,
          kennysheep_generic_room_15
D:7:      layout_loops_cross, nicolae_sif_muna_little_library,
          nicolae_yredelemnul_ghost_church, amethyst_overflow_temple_binary,
          nicolae_figureground_sparkle
D:8:      layout_loops_ring, corexii_hall_statues_s, amethyst_killhole,
          hangedman_decor_growths, hangedman_decor_lopped, kennysheep_diamond,
          dreamdust_princess_bridge, hangedman_decor_push,
          chequers_decorated_corner, nzn_life_drinkers
D:9:      layout_cave_pools, nicolae_overflow_hidden_temple
D:10:     layout_basic, dpeg_lair_monsters, nicolae_shop_vocational
Temple:   nicolae_temple_superstar
Lair:1:   layout_misc_corridors, st_stairs_11, pond,
          infiniplex_staircase_pool_2, serial_bayou_shore_b

Skill      XL: |  1  2  3  4  5  6  7  8  9 10 11 |
---------------+----------------------------------+-----
Stealth        | 6 7 8 9 10 12 13 14 | 14.3
Dodging        | 2 3 4 5 6 9 10 | 10.1
Fighting       | 2 3 4 |  4.5
Short Blades   | 3 4 6 7 |  7.4
Spellcasting   | 1 2 3 5 6 7 |  7.2
Hexes          | 1 2 3 4 5 6 |  6.9
Evocations     | 1 2 3 4 5 |  5.0
Ranged Weapons | 1 2 |  2.3
Conjurations   | 1 2 3 |  3.9
Throwing       | 3 |  3.8
Translocations | 3 5 |  5.4
Long Blades    | 2 |  2.4
Maces & Flails | |  0.4

Action                   |  1- 3 |  4- 6 |  7- 9 | 10-12 || total
-------------------------+-------+-------+-------+-------++-------
Melee: Dagger            |    70 |   143 |   401 |   422 ||  1036
       Punch             |       |     1 |     2 |    13 ||    16
       Mace              |       |       |       |    31 ||    31
       Falchion          |       |       |       |   103 ||   103
 Fire: Sling             |       |    11 |     1 |    44 ||    56
Throw: Dart              |    14 |     9 |    48 |    20 ||    91
       Stone             |       |       |     6 |       ||     6
 Cast: Dazzling Flash    |       |       |     9 |    19 ||    28
Invok: Call Merchant     |       |       |       |     2 ||     2
Evoke: Wand              |       |       |     4 |    15 ||    19
  Use: Scroll            |       |     7 |     8 |     8 ||    23
       Potion            |       |       |       |     4 ||     4
 Stab: Sleeping          |    13 |    18 |    26 |     3 ||    60
       Distracted        |     1 |       |     7 |     3 ||    11
       Invisible         |       |       |     5 |    18 ||    23
Armor: Robe              |    13 |    28 |    82 |    59 ||   182
Dodge: Dodged            |    32 |    72 |   396 |   695 ||  1195
